Map: King's Cove LE

Players

Lambo - Winner!

  • Race: Zerg Zerg
  • League: Grandmaster
  • Spawn Location: 5:00

AlphaGo (Guru)

  • Race: Zerg Zerg
  • League: Master
  • Spawn Location: 11:00

VOD

Have the link to the VOD?

Description

Time

  • Played on: Feb. 4, 2019, 1:32 p.m.
  • Length: 32:18
Show
View Real Time Build Order
Export as new Build Order

Lambo Zerg - Winner!

Build Orders: Hatch First 

Get SALT Encoding   

  12  0:01  Drone  
  13  0:13  Overlord  
  13  0:18  Drone  
  14  0:32  Drone x2  
  16  0:50  Hatchery  
  16  0:53  Drone  
  16  0:57  Drone  
  16  1:00  Drone  
  18  1:11  Extractor  
  17  1:16  Spawning Pool  
  16  1:19  Drone  
  16  1:22  Drone  
  18  1:29  Drone  
  19  1:40  Drone  
  20  1:53  Overlord  
  20  2:03  Queen x2  
  20  2:04  Drone x2  
  26  2:12  Metabolic Boost  
  26  2:14  Drone  
  26  2:15  Drone  
  28  2:28  Drone, Zergling x2  
  30  2:38  Hatchery  
  30  2:39  Zergling x2  
  30  2:43  Drone  
  31  2:47  Drone x2  
  33  2:52  Baneling Nest  
  33  2:56  Drone  
  33  3:03  Overlord  
  33  3:08  Drone  
  33  3:10  Drone  
  35  3:13  Drone  
  36  3:22  Drone x2  
  36  3:23  Drone x2  
  40  3:27  Drone x2  
  40  3:30  Zergling x2  
  40  3:33  Overlord  
  43  3:36  Evolution Chamber, Queen  
  44  3:46  Baneling  
  44  3:47  Baneling  
  44  3:50  Drone x3  
  44  3:51  Drone x3  
  44  3:54  Zergling x6  
  53  4:02  Zergling x2  
  53  4:04  Zerg Missile Weapons Level 1  
  53  4:06  Extractor  
  53  4:07  Extractor  
  53  4:09  Drone x3  
  54  4:13  Drone x2  
  56  4:19  Overlord  
  56  4:20  Drone x2  
  58  4:38  Drone x2  
  59  4:40  Drone x3  
  59  4:42  Pneumatized Carapace  
  62  4:46  Drone x4  
  62  4:51  Roach Warren  
  62  4:52  Overlord  
  65  4:53  Lair  
  65  4:54  Drone  
  65  4:55  Overlord  
  66  5:09  Overlord, Queen  
  66  5:11  Drone x6  
  74  5:15  Zergling x4  
  74  5:16  Baneling x2  
  74  5:19  Baneling  
  74  5:21  Zergling x4  
  75  5:25  Zergling x14  
  80  5:33  Zergling x2  
  79  5:37  Zergling x6  
  79  5:40  Baneling x2  
  79  5:42  Zergling x4  
  79  5:45  Queen  
  79  5:50  Drone x2  
  79  5:52  Drone  
  79  5:53  Glial Reconstitution  
  82  5:57  Roach x3  
  82  5:58  Overseer  
  82  5:59  Nydus Network  
  82  6:02  Extractor  
  85  6:09  Overlord  
  85  6:12  Overlord  
  85  6:14  Extractor, Overlord  
  85  6:15  Overlord  
  85  6:18  Baneling  
  84  6:23  Roach x3  
  89  6:29  Roach x5  
  95  6:35  Roach x4  
  95  6:36  Queen x2  
  105  6:40  Burrow  
  105  6:41  Baneling  
  105  6:46  Nydus Canal  
  107  6:47  Zergling x4, Roach  
  107  6:49  Zergling x2, Roach  
  107  6:50  Zergling x2  
  107  6:53  Zergling x4, Roach  
  111  6:57  Roach  
  111  7:01  Roach, Zergling x4  
  115  7:03  Roach x2  
  115  7:07  Roach  
  121  7:11  Baneling x2  
  121  7:16  Roach  
  121  7:21  Roach  
  121  7:22  Roach  
  111  7:24  Roach x2  
  111  7:25  Roach x2  
  111  7:27  Baneling x2  
  119  7:30  Roach  
  119  7:35  Nydus Canal  
  119  7:41  Roach x2  
  118  7:46  Spore Crawler x2  
  118  7:47  Spore Crawler  
  118  7:48  Spore Crawler  
  118  7:49  Spore Crawler  
  104  7:53  Ravager  
  104  7:55  Spore Crawler  
  104  7:56  Roach  
  104  7:58  Roach x2  
  92  7:59  Zergling x2  
  92  8:00  Zergling x4  
  92  8:04  Zergling x2, Roach  
  96  8:08  Roach  
  96  8:11  Roach  
  99  8:14  Zergling x2, Roach  
  99  8:15  Roach x13  
  99  8:16  Drone  
  90  8:29  Drone x5  
  90  8:30  Spore Crawler  
  90  8:33  Drone x2  
  96  8:40  Roach  
  94  8:44  Spore Crawler  
  94  8:45  Spore Crawler  
  94  8:48  Spore Crawler  
  74  8:52  Spore Crawler  
  58  9:00  Spore Crawler  
  58  9:01  Roach x2, Spore Crawler  
  60  9:03  Nydus Canal  
  60  9:04  Roach  
  60  9:07  Tunneling Claws  
  62  9:12  Zerg Ground Armor Level 1  
  62  9:14  Drone  
  64  9:17  Drone x2  
  64  9:21  Extractor  
  64  9:22  Spore Crawler  
  63  9:30  Roach x3  
  63  9:31  Drone  
  70  9:33  Spore Crawler  
  70  9:35  Drone  
  70  9:37  Spore Crawler  
  69  9:39  Drone x2  
  71  9:49  Infestation Pit  
  71  9:50  Drone x4  
  74  9:55  Spore Crawler  
  74  9:59  Spore Crawler  
  72  10:03  Roach x2  
  76  10:07  Drone  
  76  10:09  Drone x2  
  76  10:11  Drone  
  80  10:20  Drone x2  
  82  10:23  Roach  
  82  10:26  Pathogen Glands  
  82  10:28  Drone x2  
  84  10:31  Spore Crawler  
  84  10:35  Baneling x2  
  83  10:37  Roach x2  
  83  10:38  Spore Crawler  
  83  10:41  Ravager  
  86  10:49  Spore Crawler, Hydralisk Den  
  84  10:50  Drone  
  85  10:59  Roach  
  87  11:06  Drone x5, Zerg Missile Weapons Level 2  
  87  11:08  Drone x3  
  87  11:09  Drone  
  96  11:18  Grooved Spines  
  96  11:19  Nydus Canal  
  96  11:24  Infestation Pit  
  96  11:29  Hive  
  96  11:37  Infestor  
  96  11:39  Overlord x3  
  98  11:40  Overlord  
  98  11:44  Overlord  
  98  11:46  Lurker Den  
  97  11:49  Overlord  
  98  11:56  Overlord  
  98  11:57  Infestor x2  
  98  11:58  Infestor  
  98  12:01  Infestor  
  106  12:03  Infestor  
  110  12:19  Hydralisk x4  
  118  12:23  Hydralisk  
  118  12:27  Queen  
  120  12:30  Muscular Augments, Hydralisk  
  118  12:37  Hydralisk  
  118  12:38  Hydralisk x2  
  118  12:43  Viper  
  125  13:10  Viper x2  
  125  13:12  Hydralisk x3  
  137  13:13  Extractor, Roach x2  
  137  13:16  Overlord  
  138  13:29  Overlord, Hydralisk x3  
  138  13:30  Roach x5  
  154  13:35  Drone x2  
  156  13:48  Overseer  
  156  13:50  Hatchery  
  156  13:52  Queen  
  156  13:53  Hydralisk x3  
  156  13:55  Overlord  
  163  13:59  Hydralisk x2  
  167  14:03  Viper  
  170  14:15  Hydralisk x2  
  170  14:16  Lurker Den  
  173  14:33  Overlord  
  173  14:34  Overlord  
  173  14:42  Extractor  
  172  14:47  Extractor  
  172  14:51  Overlord x3  
  172  14:52  Zerg Missile Weapons Level 3  
  171  15:24  Drone x7  
  171  15:26  Hydralisk, Roach x2  
  171  15:27  Roach x2  
  188  15:38  Queen  
  188  15:41  Spore Crawler x2  
  188  15:47  Drone x2  
  192  15:53  Spine Crawler  
  192  15:55  Spine Crawler  
  188  16:04  Overseer x2  
  188  16:05  Overseer  
  188  16:09  Hydralisk x4  
  196  16:19  Neural Parasite  
  196  16:30  Extractor  
  196  16:31  Hatchery  
  194  16:35  Extractor  
  193  16:52  Overseer x4  
  187  16:55  Unknown  
  187  16:58  Unknown  
  156  17:02  Hydralisk x20  
  156  17:05  Hydralisk x2  
  190  17:18  Adaptive Talons  
  190  17:28  Lurker x2  
  182  17:38  Hydralisk x7  
  178  17:48  Viper x2  
  184  17:55  Lurker x4  
  184  17:56  Lurker  
  184  17:57  Lurker x2  
  184  17:58  Lurker x2  
  193  18:18  Hatchery  
  174  18:35  Hydralisk x8  
  184  18:56  Overseer  
  184  19:22  Hydralisk x4  
  184  19:24  Overlord x2  
  181  19:50  Hydralisk x11  
  197  20:00  Drone x2  
  197  20:01  Drone  
  195  20:28  Overseer x2  
  195  20:33  Lurker x5  
  200  20:45  Evolution Chamber  
  200  20:46  Roach  
  199  20:52  Lurker  
  188  21:20  Hydralisk x6  
  200  21:30  Overseer  
  200  21:32  Evolution Chamber  
  199  21:33  Evolution Chamber  
  199  21:38  Overseer  
  198  21:54  Overseer  
  198  22:11  Zerg Ground Armor Level 2  
  198  22:15  Spine Crawler  
  197  22:16  Spine Crawler  
  197  22:20  Overlord x2  
  196  22:23  Hatchery  
  196  22:25  Drone  
  196  22:26  Drone x2  
  199  22:35  Overlord x2  
  198  23:01  Viper x3  
  198  23:02  Viper x2  
  198  23:04  Nydus Canal  
  195  23:06  Viper  
  198  23:21  Nydus Canal  
  180  23:39  Hydralisk x19  
  180  23:41  Overseer  
  190  23:51  Nydus Canal  
  181  24:17  Hatchery  
  181  24:19  Extractor  
  135  24:36  Lurker x4  
  135  24:37  Hydralisk x24, Lurker x2  
  189  24:55  Hydralisk x5  
  189  24:58  Lurker  
  200  25:05  Nydus Canal  
  200  25:12  Overseer  
  200  25:31  Extractor, Hatchery  
  200  25:35  Nydus Canal  
  198  25:38  Overseer x2  
  198  25:54  Nydus Canal  
  198  26:08  Nydus Canal  
  198  26:18  Overseer  
  198  26:22  Drone x2  
  182  26:34  Lurker x8  
  182  26:35  Drone x6  
  182  26:36  Drone  
  185  26:48  Extractor  
  185  26:52  Extractor  
  183  26:55  Hatchery  
  183  26:58  Drone x3  
  185  27:04  Lurker x2  
  184  27:15  Hydralisk x6  
  187  27:33  Hydralisk x5  
  188  27:41  Drone x3  
  188  27:42  Drone x3  
  194  27:52  Nydus Canal  
  194  28:07  Nydus Canal  
  188  28:30  Hatchery  
  187  28:43  Lurker x4  
  187  28:44  Lurker  
  187  28:48  Hydralisk x2  
  196  28:56  Spine Crawler, Spore Crawler  
  194  29:11  Hydralisk x4  
  196  29:20  Hydralisk x3  
  196  29:21  Hydralisk  
  196  29:22  Roach  
  188  29:34  Overlord  
  188  29:36  Lurker x2  
  190  29:42  Drone  
  190  29:43  Drone x4  
  190  29:44  Drone x3  
  198  29:46  Roach  
  180  30:13  Hydralisk x13  
  173  30:25  Hydralisk  
  173  30:26  Hydralisk x7  
  184  30:35  Roach x4  
  165  30:43  Drone x3, Roach x2  
  165  30:44  Drone x3  
  165  30:46  Overseer  
  173  30:53  Hatchery  
  172  30:59  Hatchery  
  172  31:04  Roach x4  
  179  31:17  Unknown  
  177  31:24  Hydralisk x5  
  155  31:28  Hydralisk  
  122  31:38  Hydralisk  
  118  31:51  Hydralisk x2  
Show
View Real Time Build Order
Export as new Build Order

AlphaGo Zerg 

Build Orders: Hatch First, Lurkers 

Get SALT Encoding   

  12  0:01  Drone  
  13  0:13  Overlord  
  13  0:18  Drone  
  14  0:32  Drone x2  
  16  0:36  Drone  
  17  0:53  Hatchery  
  16  0:57  Drone  
  17  1:10  Spawning Pool  
  16  1:13  Extractor  
  16  1:15  Drone  
  16  1:19  Drone  
  16  1:23  Drone  
  18  1:29  Drone  
  19  1:57  Queen  
  19  1:58  Drone  
  22  2:05  Queen  
  22  2:07  Zergling x2  
  25  2:08  Drone  
  25  2:09  Drone  
  25  2:13  Metabolic Boost  
  27  2:17  Overlord  
  27  2:19  Drone  
  29  2:37  Drone x2  
  29  2:38  Drone x2  
  32  2:45  Hatchery  
  31  2:59  Drone  
  31  3:01  Baneling Nest  
  31  3:04  Overlord  
  31  3:06  Drone x2  
  31  3:07  Drone  
  31  3:12  Queen  
  36  3:16  Evolution Chamber  
  36  3:17  Zergling x2  
  36  3:23  Zergling x2  
  36  3:25  Zergling x4  
  38  3:27  Drone  
  38  3:28  Drone  
  40  3:34  Drone  
  40  3:37  Overlord  
  41  3:42  Overlord  
  41  3:47  Zerg Melee Weapons Level 1  
  41  3:49  Overlord  
  41  3:50  Drone x2  
  43  3:57  Drone  
  43  3:59  Drone x3  
  43  4:01  Drone x2  
  49  4:06  Drone  
  49  4:07  Drone  
  49  4:08  Drone  
  52  4:14  Overlord  
  52  4:20  Lair  
  52  4:21  Extractor x2  
  52  4:22  Extractor  
  52  4:23  Drone x2  
  51  4:26  Drone x2  
  51  4:28  Drone  
  54  4:32  Zergling x4  
  54  4:34  Drone  
  54  4:37  Zergling x4  
  54  4:38  Zergling x2  
  58  4:40  Drone  
  58  4:42  Drone x2  
  61  4:50  Zergling x2  
  61  4:51  Overlord  
  62  4:56  Overlord  
  62  4:58  Baneling x5  
  62  5:00  Zergling x6  
  62  5:01  Zergling x2  
  62  5:05  Overlord  
  66  5:07  Zergling x4  
  66  5:12  Overlord  
  68  5:14  Zergling x4  
  68  5:17  Zergling x2  
  70  5:29  Zergling x2  
  70  5:33  Zergling x2  
  70  5:34  Zergling x4  
  71  5:41  Drone  
  68  5:44  Zergling x6  
  68  5:45  Spire, Zergling x14  
  73  5:51  Zergling x2  
  73  5:54  Baneling x2  
  73  5:55  Baneling x3  
  73  5:56  Baneling  
  73  6:01  Drone x5  
  73  6:04  Baneling x3  
  78  6:07  Extractor  
  78  6:08  Drone x2  
  78  6:09  Drone x2, Extractor  
  78  6:10  Drone x2  
  82  6:16  Zergling x4  
  82  6:17  Zergling x2  
  85  6:19  Zergling x2  
  85  6:20  Zergling x4  
  85  6:24  Zergling x2  
  85  6:25  Zergling x2  
  89  6:27  Zergling x2  
  89  6:30  Zergling x4  
  87  6:34  Overlord  
  87  6:38  Overlord  
  87  6:40  Overlord  
  78  6:57  Mutalisk x4  
  78  6:58  Mutalisk  
  78  6:59  Mutalisk x2  
  88  7:01  Mutalisk  
  88  7:06  Mutalisk x2  
  88  7:07  Mutalisk x2  
  98  7:13  Mutalisk  
  99  7:17  Mutalisk  
  93  7:23  Mutalisk  
  94  7:31  Zergling x2  
  94  7:32  Zergling x4  
  87  7:45  Mutalisk x2  
  87  7:47  Zergling x20  
  87  7:48  Queen  
  87  8:06  Zergling x4  
  87  8:07  Zergling x14  
  81  8:15  Drone x2  
  81  8:16  Drone  
  76  8:21  Overseer  
  76  8:25  Drone  
  77  8:30  Drone  
  77  8:33  Drone  
  79  8:39  Drone  
  79  8:40  Drone  
  58  8:49  Drone  
  58  8:50  Drone x2  
  58  8:55  Drone  
  58  9:06  Drone x3  
  61  9:12  Drone x3  
  64  9:26  Drone x4  
  64  9:27  Drone  
  64  9:29  Drone  
  64  9:30  Drone  
  70  9:33  Drone x2  
  72  9:41  Drone  
  72  9:42  Drone x2  
  75  9:52  Drone  
  76  9:53  Drone x3  
  76  9:55  Drone  
  76  9:59  Drone x3  
  83  10:02  Queen  
  83  10:04  Drone x2  
  87  10:14  Drone x3  
  90  10:21  Zerg Missile Weapons Level 1  
  90  10:26  Drone, Hydralisk Den  
  90  10:27  Drone x2  
  92  10:31  Overlord  
  92  10:40  Pneumatized Carapace  
  92  10:41  Drone x2  
  92  10:42  Drone  
  95  10:43  Drone  
  95  10:47  Overlord  
  96  10:58  Hydralisk x2  
  96  10:59  Hydralisk  
  96  11:00  Grooved Spines  
  102  11:06  Lurker Den, Hydralisk x2  
  102  11:07  Hydralisk x2  
  109  11:13  Hydralisk x2  
  113  11:21  Hydralisk  
  113  11:22  Hydralisk x2  
  113  11:24  Hydralisk  
  113  11:25  Hydralisk x2  
  123  11:28  Hydralisk  
  127  11:33  Hydralisk  
  127  11:39  Overlord  
  129  11:46  Hydralisk x4  
  129  11:47  Hydralisk x2  
  133  11:53  Hydralisk x2  
  145  11:58  Overlord  
  145  12:01  Overlord  
  145  12:04  Overseer  
  145  12:16  Zerg Ground Armor Level 1, Hydralisk x2  
  145  12:18  Hatchery  
  145  12:20  Drone x2  
  145  12:22  Muscular Augments  
  150  12:23  Hydralisk  
  152  12:35  Overlord x2  
  152  12:40  Lurker x7  
  159  12:48  Evolution Chamber  
  158  12:54  Drone x3  
  158  12:55  Overlord  
  161  13:11  Hydralisk  
  163  13:13  Hydralisk x2  
  163  13:18  Overlord  
  163  13:19  Zerg Missile Weapons Level 2  
  167  13:22  Infestation Pit  
  167  13:26  Lurker x4  
  170  13:30  Extractor, Drone x3  
  172  13:35  Drone x4, Extractor  
  172  13:41  Overlord  
  175  13:45  Spore Crawler  
  174  13:50  Spore Crawler  
  174  13:51  Overlord  
  173  14:02  Overseer  
  173  14:03  Hive  
  173  14:05  Spore Crawler  
  173  14:06  Spine Crawler, Drone  
  173  14:07  Spine Crawler, Drone  
  173  14:08  Spine Crawler x2  
  173  14:09  Drone x3  
  173  14:12  Spine Crawler, Drone  
  173  14:16  Lurker x3  
  176  14:22  Drone  
  176  14:23  Drone x2  
  179  14:30  Nydus Network  
  178  14:33  Drone x2  
  180  14:47  Hydralisk x3  
  186  14:57  Drone x2  
  186  14:58  Zerg Ground Armor Level 2  
  188  15:13  Adaptive Talons  
  188  15:15  Viper x2  
  188  15:16  Viper x2  
  200  15:23  Overlord  
  200  15:27  Overlord  
  200  15:31  Overlord x2  
  200  15:33  Overseer  
  200  15:34  Overseer  
  200  15:38  Overlord  
  200  15:42  Spine Crawler  
  200  15:44  Spine Crawler, Drone  
  200  15:45  Zerg Missile Weapons Level 3  
  193  16:03  Hydralisk  
  193  16:04  Hydralisk x5  
  189  16:10  Overlord  
  199  16:15  Overlord  
  199  16:20  Drone  
  199  16:22  Nydus Canal  
  200  16:38  Nydus Canal  
  197  16:58  Hydralisk  
  197  16:59  Hydralisk x21  
  177  17:08  Hydralisk x2  
  151  17:11  Hydralisk  
  151  17:12  Hydralisk x3  
  163  17:16  Hydralisk  
  163  17:18  Hydralisk  
  163  17:22  Hydralisk x2  
  167  17:26  Overseer x2  
  165  17:39  Hatchery  
  153  17:45  Lurker x8  
  153  17:46  Lurker x2  
  153  17:47  Zergling x2  
  153  17:48  Zergling x14  
  171  17:55  Overlord  
  171  18:00  Viper  
  171  18:01  Extractor  
  171  18:02  Overlord  
  171  18:03  Extractor  
  172  18:09  Nydus Canal  
  172  18:10  Hydralisk x4  
  172  18:11  Hydralisk  
  172  18:12  Zergling x6  
  185  18:13  Zergling x2  
  185  18:18  Hydralisk x2  
  190  18:20  Hydralisk  
  171  18:38  Nydus Canal  
  171  18:39  Hydralisk  
  171  18:40  Hydralisk x5  
  179  18:46  Hydralisk  
  178  18:50  Hydralisk x2  
  178  18:53  Nydus Canal, Zergling x6  
  182  19:01  Hydralisk x2  
  182  19:02  Hydralisk  
  185  19:06  Drone  
  185  19:07  Drone x3  
  185  19:08  Drone  
  190  19:12  Drone x3  
  193  19:22  Viper  
  193  19:23  Viper  
  190  19:29  Viper  
  193  19:44  Nydus Canal  
  193  19:46  Hydralisk x5  
  193  19:47  Hydralisk  
  190  19:53  Hydralisk  
  190  19:54  Hydralisk x4  
  194  20:08  Drone  
  194  20:09  Spine Crawler x3  
  192  20:15  Viper x2  
  195  20:28  Viper  
  195  20:30  Evolution Chamber x2  
  195  20:31  Evolution Chamber  
  195  20:36  Drone  
  196  20:43  Spine Crawler  
  196  20:44  Spine Crawler  
  196  20:46  Spine Crawler  
  196  20:47  Lurker x5  
  196  20:48  Lurker  
  199  20:53  Overseer  
  199  20:58  Overseer x2  
  195  21:14  Hatchery  
  194  21:30  Overlord  
  194  21:44  Extractor  
  193  21:49  Extractor  
  193  21:50  Lurker  
  193  21:51  Lurker x6  
  199  22:03  Overlord  
  199  22:13  Drone x2  
  199  22:14  Drone  
  199  22:21  Overlord  
  199  22:35  Overseer x2  
  199  22:39  Nydus Canal  
  199  22:53  Nydus Canal  
  183  23:44  Hydralisk  
  183  23:46  Hydralisk  
  183  23:47  Hydralisk x2  
  191  23:57  Nydus Canal  
  191  24:04  Drone  
  192  24:25  Hatchery  
  168  24:38  Viper  
  168  24:39  Viper x2  
  168  24:41  Lurker x2  
  173  25:18  Hatchery  
  172  25:26  Hydralisk x4  
  180  25:39  Nydus Canal  
  180  25:40  Spine Crawler  
  180  25:42  Spine Crawler  
  178  25:44  Spine Crawler  
  177  26:00  Hydralisk  
  177  26:01  Hydralisk x11  
  190  26:10  Hydralisk x4  
  190  26:11  Hydralisk  
  152  26:40  Extractor, Drone  
  152  26:41  Drone x4  
  152  26:43  Overseer  
  152  26:45  Hydralisk  
  158  26:47  Hydralisk  
  158  26:48  Hydralisk x14  
  184  27:01  Drone x4  
  179  27:02  Drone  
  179  27:03  Drone x2  
  179  27:05  Zerg Ground Armor Level 3  
  184  27:09  Lurker  
  184  27:10  Lurker  
  185  27:21  Overlord  
  185  27:24  Hydralisk  
  185  27:25  Hydralisk  
  178  27:30  Hatchery  
  173  27:37  Viper x2  
  173  27:38  Viper x2  
  173  27:42  Overlord  
  185  27:45  Overlord  
  185  28:01  Overlord  
  185  28:11  Hydralisk  
  185  28:12  Hydralisk x2  
  185  28:14  Hydralisk  
  185  28:18  Hydralisk  
  186  28:32  Drone x4  
  187  28:35  Drone x5  
  187  28:36  Drone  
  193  28:41  Extractor  
  193  28:43  Extractor  
  191  28:52  Drone x2  
  191  28:54  Drone x2  
  191  28:55  Drone x2  
  190  29:28  Viper  
  190  29:29  Viper  
  196  29:36  Drone x3  
  196  29:37  Drone  
  200  29:41  Spine Crawler  
  200  29:43  Spine Crawler  
  200  29:44  Spine Crawler, Lurker  
  200  29:45  Spine Crawler x2  
  180  30:17  Hydralisk  
  180  30:20  Hydralisk  
  180  30:21  Hatchery, Hydralisk x2  
  166  30:22  Hydralisk x3  
  137  30:41  Drone x3  
  137  30:42  Drone x2  
  142  30:43  Drone  
  142  30:47  Drone x2  
  142  30:49  Drone  
  146  30:53  Drone  
  146  30:54  Hatchery  
  146  30:57  Hydralisk  
  146  30:58  Hydralisk x6  
  160  31:06  Hatchery  
  159  31:16  Hydralisk  
  159  31:17  Hydralisk x3  
  137  31:32  Hydralisk x4  
  88  31:34  Zergling x2  
  88  31:35  Zergling x6  
  88  31:36  Hydralisk  
  86  31:40  Zergling x12  
  86  31:41  Zergling x6  
  86  31:45  Hydralisk x2  
  99  31:52  Hydralisk  
  99  31:53  Hydralisk x2  
Tags
 
Add a new tag
Caveats
  • Supply blocks, unpowered buildings, or Contaminate may cause inaccurate times.
  • Supply counts are checked every 10 seconds.